[Event "Team 45 45 League T29"]
[Site "Internet Chess Club"]
[Date "2005.12.18"]
[Round "1"]
[White "caalan"]
[Black "mambomex"]
[Result "0-1"]
[WhiteElo "1517"]
[BlackElo "1621"]
[TimeControl "2700+45"]

1. d4 d5 2. c4 e5 3. dxe5 d4 4. Nf3 Nc6 5. g3 f6 6. exf6 Nxf6 7. Bg2 Be7 8. O-O
O-O 9. Bf4 Nh5 10. Bd2 Bf5 11. a3 a5 12. Qb3 Qc8 13. Rd1 a4 14. Qb5 Bc2 15. Re1
Rf5 16. c5 Rxc5 17. Nxd4 Rxb5 18. Nxb5 Nf6 19. Rc1 Bxb1 20. Raxb1 Bd8 21. Bf4
Qf5 22. Bxc6 bxc6 23. Nd4 Qe4 24. Nxc6 Qxe2 25. Re1 Qf3 26. Nd4 Qg4 27. Rbd1 Nd5
28. Ne6 Nxf4 29. Nxf4 Bf6 30. Rd2 h5 31. Ne6 Re8 32. Rde2 Bxb2 33. Rxb2 Rxe6 34.
Reb1 h4 35. Rb4 Re4 36. Rb8+ Kh7 37. R8b7 Re7 38. R7b4 Qf3 39. Rf4 Qxa3 40.
Rxh4+ Kg6 41. Rf4 Qd3 42. Rbb4 Re1+ 43. Kg2 a3 44. Rg4+ Kf7 45. Rbf4+ Kg8 46.
Rd4 Qf1+ 47. Kf3 Qh1+ 48. Kf4 a2 49. Rd8+ Kf7 50. Rd7+ Kf6 51. Rgxg7 Re4# {White
checkmated} 0-1  aics%

[Event "Team 45 45 League T29"]
[Site "Internet Chess Club"]
[Date "2005.12.18"]
[Round "1"]
[White "arriero55"]
[Black "Mississippian"]
[Result "1-0"]
[WhiteElo "1491"]
[BlackElo "1487"]
[TimeControl "2700+45"]

1. e4 d6 2. d4 Nf6 3. Nc3 g6 4. Nf3 Bg4 5. h3 Bxf3 6. Qxf3 e5 7. Bg5 Bg7 8. dxe5
dxe5 9. Nd5 Nbd7 10. Rd1 c6 11. Nxf6+ Bxf6 12. Rxd7 Qxd7 13. Qxf6 Rg8 14. Bc4 b5
15. Qxe5+ Kf8 16. Bh6+ Rg7 17. Bxg7+ Kg8 18. Bh6 {Black resigns} 1-0  aics%

[Event "Team 45 45 League T29"]
[Site "Internet Chess Club"]
[Date "2005.12.17"]
[Round "1"]
[White "Traho"]
[Black "sdcohle"]
[Result "0-1"]
[WhiteElo "1366"]
[BlackElo "1394"]
[TimeControl "2700+45"]

1. e4 c5 2. d4 cxd4 3. c3 d6 4. cxd4 Nf6 5. Nc3 g6 6. h3 Bg7 7. Nf3 O-O 8. Bc4
Nbd7 9. O-O b6 10. Re1 Bb7 11. a3 Qc7 12. Bb3 a6 13. Bf4 e5 14. Bh2 Rfe8 15. d5
Nc5 16. Rc1 Bh6 17. Rb1 Qd7 18. Nh4 b5 19. g4 Nxb3 20. Qxb3 Nxg4 21. Qc2 Nxh2
22. Qd3 Bf4 23. Ne2 Bg5 24. Kxh2 Bxh4 25. Rf1 Rf8 26. Ng3 Bxg3+ 27. fxg3 f5 28.
Rbc1 fxe4 29. Qxe4 Rxf1 30. Rxf1 Rf8 31. Kg1 Rxf1+ 32. Kxf1 Qxh3+ 33. Qg2 Qxg2+
34. Kxg2 Bxd5+ {White resigns} 0-1  aics%

[Event "Team 45 45 League T29"]
[Site "Internet Chess Club"]
[Date "2005.12.26"]
[Round "1"]
[White "gatoruss"]
[Black "SandiaCaveMan"]
[Result "0-1"]
[WhiteElo "1308"]
[BlackElo "1395"]
[TimeControl "2700+45"]

1. d4 Nf6 2. c4 d6 3. Nc3 Bf5 4. Bg5 Nbd7 5. e3 e6 6. e4 Bg6 7. e5 dxe5 8. dxe5
Nxe5 9. Qxd8+ Rxd8 10. Bxf6 gxf6 11. Nb5 Bb4+ 12. Nc3 Nd3+ 13. Bxd3 Bxd3 14.
O-O-O Bxc4 15. Rxd8+ Kxd8 16. b3 Bxb3 17. axb3 Bxc3 18. Ne2 Be5 19. Rd1+ Ke7 20.
f4 Bd6 21. g3 Rd8 22. Kc2 f5 23. Kc3 f6 24. b4 Bxb4+ {White resigns} 0-1  aics%

[Event "Team 45 45 League T29"]
[Site "Internet Chess Club"]
[Date "2005.12.14"]
[Round "1"]
[White "littleboo"]
[Black "Ferdyrojo"]
[Result "0-1"]
[WhiteElo "1203"]
[BlackElo "1265"]
[TimeControl "2700+45"]

1. e4 c5 2. Nf3 Nc6 3. d4 cxd4 4. Nxd4 g6 5. Nxc6 bxc6 6. Nc3 Bg7 7. Bc4 e6 8.
O-O Ne7 9. Bd2 O-O 10. Qf3 Bb7 11. Rad1 Qc7 12. Bf4 e5 13. Bg5 Rae8 14. Bxe7
Rxe7 15. Rd3 d6 16. Rfd1 Rd7 17. Qe3 a6 18. Qa7 Ra8 19. Qe3 Rf8 20. Qd2 Rfd8 21.
g3 Kf8 22. Kh1 Ke7 23. Na4 Ke8 24. Qe3 d5 25. exd5 cxd5 26. f3 dxc4 27. Rxd7
Rxd7 28. Rxd7 Qxd7 29. Nc3 Qc6 30. Ne4 f5 31. Nc3 Qxf3+ 32. Qxf3 Bxf3+ 33. Kg1
Kd7 {White resigns} 0-1

[Event "Team 45 45 League T29"]
[Site "Internet Chess Club"]
[Date "2005.12.18"]
[Round "1"]
[White "Mila-Reina"]
[Black "vhuffst"]
[Result "0-1"]
[WhiteElo "1326"]
[BlackElo "1221"]
[TimeControl "2700+45"]

1. e4 e5 2. Nf3 Nc6 3. d4 exd4 4. Nxd4 Nf6 5. Nc3 Bb4 6. Qd3 O-O 7. Bd2 Bc5 8.
Be3 Ne5 9. Qd2 Neg4 10. Bg5 d5 11. Nxd5 Nxe4 12. Bxd8 Nxd2 13. Ne7+ Bxe7 14.
Bxe7 Re8 15. Kxd2 Nxf2 16. Rg1 Rxe7 17. Bc4 Bg4 18. Raf1 Ne4+ 19. Kc1 Rd8 20. c3
Nd6 21. Bd3 c5 22. Nb3 c4 23. h3 Be6 24. Bc2 cxb3 25. axb3 f5 26. g4 fxg4 27.
hxg4 Nf7 28. Rf4 Ng5 29. Kb1 Nh3 30. Rh1 Nxf4 31. Bxh7+ Kf7 32. Rf1 g5 33. Bc2
Bxg4 34. Rh1 Re2 35. Rh7+ Kg8 36. Rxb7 Rxc2 37. Kxc2 Bf5+ 38. Kc1 Ne2# {White
checkmated} 0-1  aics%

[Event "Team 45 45 League T29"]
[Site "Internet Chess Club"]
[Date "2005.12.17"]
[Round "1"]
[White "EyeAm"]
[Black "engeln"]
[Result "1-0"]
[WhiteElo "1310"]
[BlackElo "1310"]
[TimeControl "2700+45"]

1. e4 e5 2. Nf3 Nc6 3. Bc4 Nf6 4. Ng5 d5 5. exd5 Nxd5 6. d4 Be7 7. Nxf7 Kxf7 8.
Qf3+ Bf6 9. Bxd5+ Be6 10. Bxe6+ Kxe6 11. dxe5 Nxe5 12. Qb3+ Ke7 13. O-O Kf8 14.
Qxb7 g6 15. Bh6+ Kg8 16. Nc3 Nf7 17. Rad1 Qe8 18. Rfe1 Be5 19. Bf4 Rb8 20. Qxa7
Kg7 21. Bxe5+ Nxe5 22. Qxc7+ Kh6 23. Rxe5 Qf8 24. Rd3 g5 25. Rh3+ Kg6 26. Re6+
Kf5 27. Qe5+ Kg4 28. f3+ Qxf3 29. gxf3+ Kxh3 30. Rh6# {Black checkmated} 1-0 
aics%

[Event "Team 45 45 League T29"]
[Site "Internet Chess Club"]
[Date "2005.12.18"]
[Round "1"]
[White "Midwest-Rook"]
[Black "houseofcook"]
[Result "1/2-1/2"]
[WhiteElo "1144"]
[BlackElo "1353"]
[TimeControl "2700+45"]

1. e4 e6 2. d4 d5 3. e5 c5 4. c4 Nc6 5. Nf3 Nge7 6. Be3 Nf5 7. Bg5 Qa5+ 8. Bd2
Qb6 9. cxd5 exd5 10. Qc2 Nfxd4 11. Nxd4 Nxd4 12. Qc3 Bf5 13. Na3 Rc8 14. Rc1 Be7
15. b3 O-O 16. Bd3 Bxd3 17. Qxd3 c4 18. bxc4 Bxa3 19. Qxa3 Rfe8 20. cxd5 Rxe5+
21. Be3 Rxc1+ 22. Qxc1 Qb4+ 23. Qd2 Qb1+ 24. Qd1 Qxd1+ 25. Kxd1 Rxd5 26. Re1 h6
27. Bxd4 Rxd4+ 28. Kc2 Rd7 29. Kc3 Rc7+ 30. Kb3 b6 31. a4 g5 32. Re5 f6 33. Re6
Kf7 34. Rd6 Ke7 35. Rd3 h5 36. Re3+ Kf7 37. h3 Rc5 38. Rd3 Ke7 39. Re3+ Kf7 40.
g3 a5 41. Kb2 b5 42. Re4 b4 43. Re3 Rc4 44. f3 Rc5 45. f4 g4 46. h4 f5 47. Rd3
Ke7 48. Re3+ Kf7 49. Rd3 Ke7 50. Re3+ Kf7 51. Rd3 Ke7 52. Re3+ {Game drawn by
repetition} 1/2-1/2  aics%

[Event "Team 45 45 League T29"]
[Site "Internet Chess Club"]
[Date "2005.12.19"]
[Round "1"]
[White "arconia"]
[Black "WannaB"]
[Result "1-0"]
[WhiteElo "1308"]
[BlackElo "1204"]
[TimeControl "2700+45"]

1. e4 c5 2. c4 d6 3. Nf3 Nf6 4. Qc2 e6 5. Nc3 a6 6. Be2 Be7 7. O-O Nc6 8. a3 Bd7
9. Rd1 Nd4 10. Nxd4 cxd4 11. e5 dxe5 12. Ne4 Nxe4 13. Qxe4 Ba4 14. Qxe5 Bf6 15.
Qg3 Bxd1 16. Bxd1 d3 17. Ba4+ Kf8 18. Rb1 b5 19. cxb5 axb5 20. Bxb5 Rb8 21. Bxd3
Bh4 22. Qf3 Qf6 23. Qe3 Bg5 24. Qa7 Rd8 25. Ba6 Qe5 26. d4 Qe1+ 27. Bf1 Bxc1 28.
Qc5+ Kg8 29. Rxc1 Qe4 30. Qc7 Qd5 31. Qe7 g6 32. Rc7 Qf5 33. Bd3 Qf4 34. Qxd8+
Kg7 35. Qe7 Qf6 36. Qc5 Rd8 37. d5 Rxd5 38. Qe3 Re5 39. Qc1 Rd5 40. Bf1 Rf5 41.
Rc2 h5 42. b4 g5 43. b5 Qd4 44. Rb2 Re5 45. b6 Rc5 46. Rd2 Rxc1 47. Rxd4 Rb1 48.
Rb4 Rc1 49. b7 {Black resigns} 1-0  aics%

[Event "Team 45 45 League T29"]
[Site "Internet Chess Club"]
[Date "2005.12.20"]
[Round "1"]
[White "rpgrossman"]
[Black "PassTheGuard"]
[Result "0-1"]
[WhiteElo "1055"]
[BlackElo "1129"]
[TimeControl "2700+45"]

1. e4 c5 2. Nc3 e6 3. Nf3 d6 4. g3 Bd7 5. Bg2 Nc6 6. O-O Be7 7. d3 Nf6 8. Bg5
O-O 9. Bxf6 Bxf6 10. Nb5 Be7 11. d4 a6 12. Nc3 b5 13. d5 Ne5 14. dxe6 Bxe6 15.
Nxe5 dxe5 16. Qxd8 Rfxd8 17. Nd5 Bxd5 18. Rad1 Be6 19. Rxd8+ Rxd8 20. Bf3 Rd2
21. Bd1 f6 22. Bh5 Rxc2 23. Rd1 Rxb2 24. h3 Rxa2 25. Bg4 Bxg4 26. hxg4 c4 27.
Rd7 Kf7 {White resigns} 0-1  aics%

[Event "Team 45 45 League T29"]
[Site "Internet Chess Club"]
[Date "2005.12.20"]
[Round "1"]
[White "fledermaus"]
[Black "Boromir"]
[Result "1-0"]
[WhiteElo "1991"]
[BlackElo "1849"]
[TimeControl "2700+45"]

1. d4 Nf6 2. c4 e6 3. Nc3 Bb4 4. Qc2 Bxc3+ 5. Qxc3 Ne4 6. Qc2 f5 7. Nh3 O-O 8.
f3 Nf6 9. e3 b6 10. Bd3 Bb7 11. O-O d6 12. b4 c5 13. a3 Nh5 14. Bb2 Nd7 15. dxc5
dxc5 16. e4 f4 17. e5 h6 18. Bh7+ Kh8 19. Bg6 Qh4 20. Bc3 Ng3 21. hxg3 fxg3 22.
Be4 Bxe4 23. Qxe4 Qe7 24. b5 Rab8 25. Be1 Rf5 26. Bxg3 Rbf8 27. Rad1 {Black
resigns} 1-0  aics%

[Event "Team 45 45 League T29"]
[Site "Internet Chess Club"]
[Date "2005.12.19"]
[Round "1"]
[White "Zarek"]
[Black "Winclick"]
[Result "1-0"]
[WhiteElo "1856"]
[BlackElo "1758"]
[TimeControl "2700+45"]

1. e4 c5 2. Nf3 g6 3. d3 Bg7 4. Nbd2 Nc6 5. g3 d5 6. Bg2 dxe4 7. dxe4 Be6 8. O-O
Nf6 9. Re1 O-O 10. c3 Qc8 11. Qe2 Bg4 12. Qc4 Nd7 13. h3 Nce5 14. Nxe5 Nxe5 15.
Qf1 Bd7 16. f4 Nc6 17. Kh2 Rb8 18. a4 b6 19. g4 a6 20. Nf3 b5 21. Be3 Na5 22.
axb5 Bxb5 23. Qf2 Nb3 24. Ra3 Bc4 25. Rh1 Qc7 26. h4 Rfd8 27. Ne1 a5 28. Bf3 Bh6
29. g5 Bg7 30. h5 f6 31. hxg6 fxg5 32. gxh7+ Kh8 33. Ng2 Rf8 34. Qg3 gxf4 35.
Bxf4 e5 36. Bg5 Rb6 37. Kg1 Qf7 38. Nh4 Be6 39. Be7 Bd7 40. Bxf8 Qxf8 41. Ng6+
Rxg6 42. Qxg6 Qxf3 43. Qxg7+ Kxg7 44. h8=Q+ Kg6 45. Qg8+ {Black resigns} 1-0 
aics%

[Event "Team 45 45 League T29"]
[Site "Internet Chess Club"]
[Date "2005.12.18"]
[Round "1"]
[White "Sean"]
[Black "JohnnySP"]
[Result "0-1"]
[WhiteElo "1733"]
[BlackElo "1835"]
[TimeControl "2700+45"]

1. Nf3 Nf6 2. c4 g6 3. g3 Bg7 4. Bg2 O-O 5. O-O d6 6. Nc3 c6 7. Rb1 Nbd7 8. b4
Nb6 9. d3 d5 10. c5 d4 11. Na4 Nxa4 12. Qxa4 Nd5 13. Bb2 Nc3 14. Bxc3 dxc3 15.
Qc2 e5 16. e4 Be6 17. a3 h6 18. Qxc3 Qc7 19. Nd2 Rfd8 20. Nc4 Rd4 21. Ne3 Rad8
22. Rfd1 Qd7 23. Bf1 f5 24. Nc2 fxe4 25. Nxd4 exd4 26. Qd2 e3 27. fxe3 dxe3 28.
Qg2 Bd4 29. Be2 Bd5 30. Bf3 e2+ 31. Kh1 exd1=Q+ 32. Rxd1 Bxf3 33. Qxf3 Qd5 34.
Qxd5+ Rxd5 35. Re1 Re5 36. Rf1 Kg7 37. Rf4 Be3 38. Rf3 Bc1 39. a4 Re3 40. Rxe3
Bxe3 41. Kg2 a6 42. Kf3 Bd2 43. b5 axb5 44. axb5 cxb5 45. Ke2 Bc3 46. Ke3 b4 47.
Ke2 Kf6 48. Kd1 Ke5 49. Kc2 Kd5 50. d4 Kxd4 51. Kb3 Kxc5 52. h3 h5 53. g4 hxg4
54. hxg4 b5 55. Kc2 Kc4 56. Kb1 Kb3 57. Kc1 Ka2 58. Kc2 Bf6 {White resigns} 0-1 
aics%

[Event "Team 45 45 League T29"]
[Site "Internet Chess Club"]
[Date "2005.12.17"]
[Round "1"]
[White "pokerram"]
[Black "bmw2002"]
[Result "0-1"]
[WhiteElo "1660"]
[BlackElo "1568"]
[TimeControl "2700+45"]

1. d4 Nf6 2. c4 g6 3. Nc3 Bg7 4. e4 d6 5. Nf3 O-O 6. Be2 e5 7. O-O Na6 8. Be3 c6
9. d5 c5 10. Bg5 h6 11. Bxf6 Qxf6 12. Ne1 Nc7 13. a4 a6 14. Nc2 Qg5 15. Qc1 Qh4
16. b4 cxb4 17. Nxb4 f5 18. f3 Ne8 19. Nd3 Qe7 20. Qa3 fxe4 21. fxe4 Bd7 22.
Rab1 Rb8 23. Rxf8+ Bxf8 24. Nb4 Rc8 25. Nd3 Rc7 26. a5 Qg5 27. Nf2 Qe3 28. Qc1
Qd4 29. Nd1 Nf6 30. Qe3 Qxe3 31. Nxe3 Bc8 32. Rc1 Rc5 33. Ra1 Be7 34. Nd3 Rc7
35. Bf3 Nd7 36. Rb1 Nc5 37. Nxc5 Rxc5 38. Ra1 Bd8 39. Kf2 Bxa5 40. Ke2 Bc3 41.
Rc1 Bd4 42. Kd3 Bxe3 43. Kxe3 b5 44. Kd3 b4 45. Bd1 Bd7 46. Bb3 Kf7 47. Rf1+ Kg7
48. Ra1 a5 49. Bc2 h5 50. h3 Kh6 51. Ba4 Bxa4 52. Rxa4 Kg5 53. Ra2 Kh4 54. Rb2
Rc8 55. Ra2 Rc5 56. Rb2 Rc8 57. Ra2 Ra8 58. Rb2 Kg3 59. c5 dxc5 60. Kc4 a4 61.
Kxc5 a3 62. Rb1 a2 {White resigns} 0-1  aics%

[Event "Team 45 45 League T29"]
[Site "Internet Chess Club"]
[Date "2005.12.16"]
[Round "1"]
[White "gule"]
[Black "Polyglot"]
[Result "1-0"]
[WhiteElo "1878"]
[BlackElo "1776"]
[TimeControl "2700+45"]

1. d4 d5 2. c4 e6 3. Nc3 Nf6 4. Bg5 Nbd7 5. e3 c6 6. Nf3 Qa5 7. Bxf6 Nxf6 8. Qc2
Be7 9. Bd3 O-O 10. O-O a6 11. e4 dxc4 12. Bxc4 b5 13. Bd3 g6 14. e5 Nd5 15. Ne4
Bd7 16. Qc1 Rfc8 17. Qh6 f6 18. Nxf6+ Nxf6 19. exf6 Bxf6 20. Bxg6 hxg6 21. Qxg6+
Bg7 22. Ng5 Re8 23. Qf7+ {Black resigns} 1-0  aics%

[Event "Team 45 45 League T29"]
[Site "Internet Chess Club"]
[Date "2005.12.18"]
[Round "1"]
[White "andy4226uk"]
[Black "rss"]
[Result "1-0"]
[WhiteElo "1827"]
[BlackElo "1825"]
[TimeControl "2700+45"]

1. e4 e6 2. d4 d5 3. exd5 exd5 4. c4 Nf6 5. Nc3 Be7 6. Bd3 O-O 7. Nge2 dxc4 8.
Bxc4 c6 9. O-O Bg4 10. f3 Bh5 11. Nf4 Bg6 12. Nxg6 hxg6 13. Qd3 Nd5 14. Re1 Bf6
15. a3 Na6 16. Bxa6 bxa6 17. Ne4 Re8 18. Bd2 Qb6 19. Bc3 Be7 20. Rf1 Rad8 21. f4
f5 22. Nd2 Bf6 23. Nc4 Qb5 24. a4 Qb8 25. Qg3 Re6 26. Ne5 Bxe5 27. dxe5 Qb6+ 28.
Kh1 Ne3 29. Rf3 Rd1+ 30. Rxd1 Nxd1 31. Rf1 Ne3 32. Re1 Nd5 33. Rd1 Kf7 34. h3 a5
35. Rd4 Ke8 36. Qe1 Nb4 37. Qd2 Nd5 38. Bxa5 Qa6 39. Qe1 Kf7 40. Bd2 Qb7 41. Qc1
Re8 42. b4 g5 43. Rc4 gxf4 44. Bxf4 Ne7 45. Qd1 Nd5 46. Qh5+ Kf8 47. Qh8+ Kf7
48. Qh5+ Kf8 49. Qxf5+ Qf7 50. Qxf7+ Kxf7 51. g3 Re6 52. a5 a6 53. h4 Kg6 54.
Kg2 Kf5 55. Kf3 Kg6 56. g4 Kf7 57. Ke4 Nf6+ 58. Kf3 Nd5 59. h5 Ke8 60. Ke4 Kf7
61. Bg5 Nc7 62. Kf5 Nd5 63. Ke4 Nc7 64. Kf4 Nd5+ 65. Kf5 Nc7 66. Bf4 Nd5 67. g5
Ne7+ 68. Ke4 Nd5 69. g6+ Ke8 70. Bg5 Kd7 71. Kf5 Nc7 72. h6 gxh6 73. Bxh6 Nd5
74. Bg5 Re8 75. g7 Nc7 76. Rd4+ Nd5 77. e6+ Kc8 78. Rxd5 cxd5 79. Kf6 {Black
resigns} 1-0  aics%

[Event "Team 45 45 League T29"]
[Site "Internet Chess Club"]
[Date "2005.12.17"]
[Round "1"]
[White "Knightstorm57"]
[Black "garethn"]
[Result "1-0"]
[WhiteElo "1885"]
[BlackElo "1738"]
[TimeControl "2700+45"]

1. c4 Nf6 2. d4 e6 3. Nc3 d5 4. cxd5 exd5 5. Bg5 Be7 6. e3 c6 7. Bd3 Bg4 8. f3
Bh5 9. Qc2 Nbd7 10. Nge2 O-O 11. O-O Re8 12. Bh4 Qc7 13. Bg3 Bd6 14. Nb5 cxb5
15. Qxc7 Bxc7 16. Bxc7 Rxe3 17. Bxb5 a6 18. Bf4 axb5 19. Bxe3 Re8 20. Kf2 Nb6
21. b3 Nfd7 22. Nf4 Bg6 23. Nxg6 hxg6 24. Rfc1 Nb8 25. Rc5 {Black resigns} 1-0 
aics%

[Event "Team 45 45 League T29"]
[Site "Internet Chess Club"]
[Date "2005.12.16"]
[Round "1"]
[White "TheBrewer"]
[Black "Ferreruela"]
[Result "1-0"]
[WhiteElo "1589"]
[BlackElo "1738"]
[TimeControl "2700+45"]

1. d4 Nf6 2. Nf3 e6 3. Nbd2 Be7 4. e4 c5 5. c3 O-O 6. Bd3 b6 7. e5 Nd5 8. a3 f5
9. exf6 Nxf6 10. O-O Bb7 11. Qe2 Nd5 12. Qe4 g6 13. c4 Rf4 14. Qe1 Nc7 15. Ne4
Rf8 16. dxc5 bxc5 17. Bh6 Rf7 18. Neg5 Rf6 19. Ne4 Rf7 20. Neg5 Bxg5 21. Nxg5
Rf6 22. Ne4 Bxe4 23. Bxe4 Nc6 24. Bg5 Qf8 25. Bxf6 Qxf6 26. Bxc6 dxc6 27. Qa5
Qe7 28. Qc3 Ne8 29. Rfe1 Ng7 30. Re5 Rf8 31. Rae1 Qf6 32. Qe3 Nf5 33. Qxc5 Rf7
34. Rxe6 Qxb2 35. Re8+ Kg7 36. Qe5+ Qxe5 37. R8xe5 Rb7 38. g4 Nh4 39. Re7+ Rxe7
40. Rxe7+ Kh6 41. Rxa7 Nf3+ 42. Kg2 Ne5 43. c5 Nxg4 44. a4 Ne5 45. a5 Nd3 46.
Ra6 Nxc5 47. Rxc6 Nb7 48. a6 Na5 49. Re6 {Black resigns} 1-0  aics%

[Event "Team 45 45 League T29"]
[Site "Internet Chess Club"]
[Date "2005.12.17"]
[Round "1"]
[White "mrmarck"]
[Black "Justme"]
[Result "1-0"]
[WhiteElo "1486"]
[BlackElo "1297"]
[TimeControl "2700+45"]

1. d4 d5 2. c4 c6 3. Nf3 h6 4. e3 Bf5 5. Nc3 Nf6 6. Qb3 b6 7. cxd5 Nxd5 8. Nxd5
Be4 9. Nc3 Bxf3 10. gxf3 e6 11. Bg2 a5 12. f4 Bb4 13. a3 Bxc3+ 14. Qxc3 Qd6 15.
b4 O-O 16. Bb2 f6 17. Ke2 Ra7 18. Rhd1 a4 19. Qc2 f5 20. Rac1 Rc7 21. Qxa4 Rfc8
22. Qb3 Nd7 23. a4 Nf6 24. Ba3 Qd7 25. b5 Nd5 26. bxc6 Rxc6 27. Bxd5 exd5 28.
Qb5 Rc2+ 29. Rxc2 Qxb5+ 30. axb5 Rxc2+ 31. Rd2 Rc3 32. Bd6 Rb3 33. Rc2 Rxb5 34.
Kf3 g5 35. fxg5 hxg5 36. Rc7 Rb1 37. Be5 g4+ 38. Kg2 b5 39. Rc5 Kf7 40. Rxd5 Ke6
41. Rd6+ Ke7 42. Rf6 b4 43. Rxf5 Ke6 44. Rf6+ Kd5 45. Rd6+ Ke4 46. Rb6 b3 47.
Kg3 Rg1+ 48. Kh4 Kf3 49. Rxb3 Kxf2 50. d5 Kf3 51. Bg3 Rd1 52. d6 Rc1 53. d7 Rd1
54. Rb7 Kxe3 55. Kxg4 Rd4+ 56. Kf5 Rd5+ 57. Ke6 {Black resigns} 1-0  aics%

[Event "Team 45 45 League T29"]
[Site "Internet Chess Club"]
[Date "2005.12.20"]
[Round "1"]
[White "NineMilly"]
[Black "Prop"]
[Result "1-0"]
[WhiteElo "1150"]
[BlackElo "1257"]
[TimeControl "2700+45"]

1. e4 e5 2. c4 Nf6 3. Nc3 Bc5 4. Nf3 Nc6 5. h3 Nd4 6. Nxe5 O-O 7. d3 d6 8. Nf3
c6 9. Na4 Nxf3+ 10. Qxf3 Bb4+ 11. Nc3 d5 12. a3 dxe4 13. dxe4 Bxc3+ 14. bxc3 Qa5
15. Bd2 Be6 16. Be2 Rad8 17. Bg5 Qxg5 18. O-O Qc5 19. Rfb1 b6 20. Rb4 a5 21. Rb2
Bxc4 22. Bxc4 Qxc4 23. Re1 Rd3 24. Qf4 Qxc3 25. Rbb1 Qd4 26. Qc7 Nxe4 27. Rf1
Nxf2 28. Rxf2 Rd1+ 29. Rxd1 Qxd1+ 30. Rf1 Qd4+ 31. Kh2 Qc5 32. Rd1 b5 33. Rd8
Rxd8 34. Qxd8+ Qf8 35. Qxa5 g5 36. a4 bxa4 37. Qxg5+ Qg7 38. Qd8+ Qf8 39. Qg5+
Kh8 40. Qf6+ Qg7 41. Qd8+ Qf8 42. Qxf8# {Black checkmated} 1-0  aics%

[Event "Team 45 45 League T29"]
[Site "Internet Chess Club"]
[Date "2005.12.16"]
[Round "1"]
[White "JustinZ"]
[Black "PocketChange"]
[Result "0-1"]
[WhiteElo "1223"]
[BlackElo "1288"]
[TimeControl "2700+45"]

1. e4 e6 2. d4 d5 3. e5 c5 4. dxc5 Bxc5 5. Nf3 Qb6 6. Be3 Bxe3 7. fxe3 Qxb2 8.
Nbd2 Qc3 9. Bb5+ Bd7 10. Bxd7+ Nxd7 11. O-O Qxe3+ 12. Kh1 Nxe5 13. Nxe5 Qxe5 14.
Re1 Qc3 15. Nf3 Nf6 16. Qd3 Qxd3 17. cxd3 Rc8 18. Rac1 O-O 19. Nd4 Ng4 20. Red1
Nf2+ 21. Kg1 Nxd1 22. Rxd1 Rc3 23. Nb5 Rc2 24. Nd6 Rxa2 25. Rc1 a5 26. Nxb7 a4
27. Nc5 Rc8 28. d4 Rb2 29. Ra1 Rb4 30. Na6 Rxd4 31. Rb1 a3 32. Nc5 g6 33. Rc1 a2
34. Nb3 Rxc1+ 35. Nxc1 a1=Q {White resigns} 0-1  aics%

[Event "Team 45 45 League T29"]
[Site "Internet Chess Club"]
[Date "2005.12.19"]
[Round "1"]
[White "QuaqQuao"]
[Black "Fogbound"]
[Result "1-0"]
[WhiteElo "1521"]
[BlackElo "1329"]
[TimeControl "2700+45"]

1. e4 d6 2. d4 g6 3. f4 Bg7 4. Nf3 Bg4 5. Be3 c6 6. h3 Bxf3 7. Qxf3 Nd7 8. Nd2
Qa5 9. c3 b5 10. Be2 e6 11. O-O Ne7 12. e5 d5 13. Nb3 Qb6 14. a3 Nf5 15. g4 Nh4
16. Qg3 Qd8 17. f5 exf5 18. gxf5 Nxf5 19. Rxf5 O-O 20. Rf2 Qc7 21. Bf4 Qc8 22.
Bg4 f5 23. Be2 a6 24. Kg2 Nb6 25. Nc5 Nc4 26. Bxc4 bxc4 27. b4 cxb3 28. Nxb3 Rb8
29. Nc5 Rb5 30. Re1 Rxc5 31. dxc5 Qe6 32. Rb2 d4 33. cxd4 Qd5+ 34. Kh2 Qxd4 35.
Rd2 Qxc5 36. Rd6 Qc2+ 37. Kh1 Rb8 38. Qg5 Qc3 39. Qg3 Qc2 40. Rd2 Qc4 41. e6 Rb3
42. Rd8+ Bf8 43. e7 Qd5+ 44. Rxd5 Rxg3 45. e8=Q Rxh3+ 46. Kg2 Rh4 47. Rd7 Rg4+
48. Bg3 Rxg3+ 49. Kxg3 f4+ 50. Kf3 {Black resigns} 1-0  aics% 
Invicta-Knight(340): great analogy lol aics%

[Event "Team 45 45 League T29"]
[Site "Internet Chess Club"]
[Date "2005.12.18"]
[Round "1"]
[White "klt713"]
[Black "chessterbaggins"]
[Result "1-0"]
[WhiteElo "1238"]
[BlackElo "1281"]
[TimeControl "2700+45"]

1. d4 e6 2. c4 Nf6 3. Bg5 Be7 4. Bxf6 Bxf6 5. Nc3 O-O 6. Nf3 b6 7. e4 Ba6 8. Bd3
Nc6 9. Ne2 d6 10. a3 e5 11. d5 Na5 12. Rc1 Bc8 13. b4 Nb7 14. h4 Bg4 15. Nc3 a5
16. Be2 axb4 17. axb4 Qc8 18. Ng5 Bd7 19. Qd2 c5 20. dxc6 Bxc6 21. Nd5 Bxd5 22.
exd5 Qd8 23. Qd3 g6 24. Qh3 h5 25. Qg3 Bg7 26. O-O Bh6 27. Bxh5 Bxg5 28. hxg5
gxh5 29. Qh4 f6 30. g6 Qe7 31. Qxh5 Qg7 32. Rc3 Rae8 33. Rh3 f5 34. Qg5 Qf6 35.
Qh6 Qg7 36. Qg5 Rf6 37. Ra1 Qxg6 38. Rg3 Kf7 39. Ra7 Re7 40. Qe3 Qh7 41. Qxb6 f4
42. Rh3 Rh6 43. Rxh6 Qxh6 44. Rxb7 f3 45. gxf3 Qg5+ 46. Kf1 Qc1+ 47. Kg2 Qxc4
48. Rxe7+ Kxe7 49. Qb7+ Kf6 50. Kg3 Qf4+ 51. Kg2 Qg5+ 52. Kf1 Qf4 53. Ke2 Qc4+
54. Ke1 Qd3 55. b5 Qxf3 56. Qc6 Qh1+ 57. Ke2 Qe4+ 58. Kf1 Kf5 59. b6 Kf4 60. b7
Kf3 61. Qc3+ Kf4 62. b8=Q Qh1+ 63. Ke2 Qh5+ 64. f3 Qh2+ 65. Ke1 Qg1+ 66. Kd2
Qf2+ 67. Kc1 Qf1+ 68. Kb2 Qf2+ 69. Kb3 Qxf3 70. Qxf3+ Kxf3 71. Qxd6 e4 72. Qh2
e3 73. Qc2 e2 74. Qxe2+ Kxe2 75. d6 Kd3 76. d7 Kd4 77. d8=Q+ Kc5 78. Kc3 Kb5 79.
Qc8 Ka5 80. Qb8 Ka6 81. Kc4 {Black resigns} 1-0  aics%

[Event "Team 45 45 League T29"]
[Site "Internet Chess Club"]
[Date "2005.12.20"]
[Round "1"]
[White "Conjurer"]
[Black "ffplayer"]
[Result "1-0"]
[WhiteElo "1283"]
[BlackElo "1156"]
[TimeControl "2700+45"]

1. e4 e5 2. Nf3 Nc6 3. d4 d6 4. d5 Nb8 5. Nc3 Nf6 6. Bg5 Nbd7 7. Be2 a6 8. Qd2
b5 9. b4 Bb7 10. Nh4 c6 11. O-O Be7 12. Nf5 Rg8 13. Qe3 cxd5 14. Nxe7 Qxe7 15.
Nxd5 Bxd5 16. exd5 h6 17. Bxf6 Nxf6 18. Qb6 Nxd5 19. Qc6+ Kf8 20. Qxa8+ Qe8 21.
Qxd5 Ke7 22. Bg4 Qa8 23. Qxa8 Rxa8 24. Rad1 {Black resigns} 1-0  aics%

[Event "Team 45 45 League T29"]
[Site "Internet Chess Club"]
[Date "2005.12.17"]
[Round "1"]
[White "DayDream01"]
[Black "guyd52"]
[Result "0-1"]
[WhiteElo "1169"]
[BlackElo "1182"]
[TimeControl "2700+45"]

1. d4 d5 2. c4 c6 3. Nc3 Nf6 4. e3 g6 5. Nf3 Bg7 6. Bd3 O-O 7. O-O Bg4 8. Re1
Nbd7 9. c5 b6 10. b4 a5 11. Rb1 axb4 12. Rxb4 bxc5 13. Ra4 cxd4 14. exd4 Nb6 15.
Ra6 Nfd7 16. Ba3 Re8 17. h3 Rxa6 18. Bxa6 Qa8 19. Qe2 Bxf3 20. gxf3 Bxd4 21. Nb1
e6 22. Bd3 c5 23. Bb5 c4 24. Qd2 Bf6 25. Bc5 Rc8 26. Bd6 c3 27. Nxc3 Bxc3 28.
Qe2 Bxe1 29. Qxe1 Qxa2 30. Kg2 Qb2 31. Ba6 Rc6 32. Bh2 Na4 33. Bb7 Qxb7 {White
resigns} 0-1  aics%

[Event "Team 45 45 League T29"]
[Site "Internet Chess Club"]
[Date "2005.12.17"]
[Round "1"]
[White "chsrules88"]
[Black "Budzo"]
[Result "1/2-1/2"]
[WhiteElo "1816"]
[BlackElo "1785"]
[TimeControl "2700+45"]

1. e4 e6 2. d4 d5 3. exd5 exd5 4. Nf3 Bg4 5. Be2 Bd6 6. Ne5 Bxe2 7. Qxe2 Bxe5 8.
Qxe5+ Qe7 9. O-O Qxe5 10. dxe5 Ne7 11. Bg5 h6 12. Bxe7 Kxe7 13. Nc3 c6 14. f4
Na6 15. a3 Rae8 16. Ne2 {Game drawn by mutual agreement} 1/2-1/2  aics%

[Event "Team 45 45 League T29"]
[Site "Internet Chess Club"]
[Date "2005.12.16"]
[Round "1"]
[White "pokerram"]
[Black "nursey"]
[Result "1/2-1/2"]
[WhiteElo "1682"]
[BlackElo "1704"]
[TimeControl "2700+45"]

1. d4 d5 2. c4 e6 3. Nf3 Nf6 4. Nc3 Be7 5. cxd5 exd5 6. Bf4 O-O 7. e3 Bg4 8. h3
Bxf3 9. Qxf3 Re8 10. Be5 Nbd7 11. Nxd5 Nxd5 12. Qxd5 Bb4+ 13. Ke2 Nxe5 14. Qxd8
Raxd8 15. dxe5 Rd2+ 16. Kf3 Rxb2 17. Bc4 Rxe5 18. Rhd1 Rf5+ 19. Ke4 Rfxf2 20.
Rd7 Bd6 21. a3 Rbd2 22. Rxf7 Rxf7 23. Rf1 b5 24. Bxf7+ Kh8 25. Be8 a6 26. a4
bxa4 27. Bxa4 Ra2 28. Bc6 Rxg2 29. Kd3 Rh2 30. Rb1 g5 31. Bd7 h5 32. Ra1 Rg2 33.
Ra4 Kg7 34. Rxa6 g4 35. hxg4 hxg4 36. Ra4 g3 37. Rg4+ Kf6 38. Bc6 Rg1 39. Ke2
Kf5 40. Bf3 c5 41. Rh4 g2 42. Kf2 Re1 43. e4+ Ke5 44. Bxg2 Rd1 45. Rh5+ Ke6 46.
Rd5 Rc1 47. Bh3+ Ke7 48. e5 Bb8 49. Ke2 c4 50. Kd2 Rh1 51. Bc8 c3+ 52. Kc2 Re1
53. e6 Bd6 54. Bd7 Re3 55. Rd3 Rxd3 {Game drawn by mutual agreement} 1/2-1/2 
aics%